 Dungeon Crawl Stone Soup version 0.25.1-2-g60ff931df9 (webtiles) character file.

Game seed: 7721179664154655925

13074 Ijustatesigmund the Cleaver (level 11, -11/108 HPs)
             Began as a Deep Dwarf Fighter on Sept 2, 2020.
             Was a Priest of Makhleb.
             Hit by a large rock thrown by a cyclops (32 damage)
             ... on level 12 of the Dungeon.
             The game lasted 00:41:12 (10985 turns).

Ijustatesigmund the Cleaver (Deep Dwarf Fighter)   Turns: 10985, Time: 00:41:12

Health: -11/108    AC: 22    Str: 21    XL:     11   Next: 70%
Magic:  12/12      EV:  9    Int: 10    God:    Makhleb [***...]
Gold:   690        SH: 12    Dex: 15    Spells: 10/10 levels left

rFire    . . .     SeeInvis +   a - +1 war axe
rCold    + . .     Gourm    .   c - +2 kite shield
rNeg     + . .     Faith    .   b - +5 chain mail of the Peculiar Violins {Str+2}
rPois    .         Spirit   .   (helmet restricted)
rElec    .         Reflect  .   n - +2 cloak
rCorr    .         Harm     .   (no gloves)
MR       +....                  C - +2 pair of boots
Stlth    ..........             (no amulet)
HPRegen  0.00/turn              m - ring of positive energy
MPRegen  0.13/turn              y - ring of protection from cold

@: non-regenerating
A: damage resistance, heal wounds, antennae 1, see invisible, sense surroundings
2, no regeneration
a: Heal Wounds, Minor Destruction, Lesser Servant of Makhleb, Renounce Religion


You were on level 12 of the Dungeon.
You worshipped Makhleb.
Makhleb was most pleased with you.
You were not hungry.

You visited 2 branches of the dungeon, and saw 13 of its levels.
You also visited: Sewer.

You collected 855 gold pieces.
You spent 165 gold pieces at shops.

Inventory:

Hand Weapons
 a - a +1 war axe (weapon)
 q - a +2 flail of holy wrath
 s - a +3 scimitar of flaming
Missiles
 g - 40 poisoned darts (quivered)
 x - 2 atropa-tipped darts
 E - 8 curare-tipped darts
Armour
 b - the +5 chain mail of the Peculiar Violins (worn) {Str+2}
   (You found it on level 7 of the Dungeon)

   It affects your strength (+2).
 c - a +2 kite shield (worn)
 n - a +2 cloak (worn)
 z - a +2 helmet
 C - a +2 pair of boots (worn)
Jewellery
 i - the ring of Shadows {Umbra +Inv Stlth+}
   (You found it on level 10 of the Dungeon)

   [ring of stealth]

   It lets you turn invisible.
   It makes you more stealthy.
 k - an uncursed ring of see invisible
 m - a ring of positive energy (left hand)
 v - an uncursed ring of stealth
 y - a ring of protection from cold (right hand)
 D - an uncursed ring of protection from cold
Wands
 d - a wand of polymorph (4)
 o - a wand of digging (5)
Scrolls
 h - 2 scrolls of teleportation
 j - 2 scrolls of fog
 r - 3 scrolls of identify
 t - 4 scrolls of magic mapping
 u - a scroll of remove curse
 w - a scroll of fear
 F - a scroll of holy word {unknown}
Potions
 e - 2 potions of flight
 p - 3 potions of stabbing
 A - a potion of heal wounds
Comestibles
 f - 23 rations
 l - 10 chunks of flesh


   Skills:
 + Level 9.8 Fighting
 + Level 11.3 Axes
 - Level 7.1 Armour
 - Level 6.7 Dodging
 + Level 3.7 Shields
 + Level 10.0 Invocations
 - Level 5.1 Evocations


You had 10 spell levels left.
You didn't know any spells.
Your spell library contained the following spells:

 Spells                   Type           Power        Failure   Level  Hunger
 Beastly Appendage        Tmut           #.....       100%        1    ##.....
 Corona                   Hex            #......      100%        1    ##.....
 Ensorcelled Hibernation  Hex/Ice        #.....       100%        2    ###....
 Sticks to Snakes         Tmut           #.......     100%        2    ###....
 Confusing Touch          Hex            #.......     100%        3    ####...
 Dazzling Flash           Conj/Hex       #.....       100%        3    ####...
 Spider Form              Tmut/Pois      #.........   100%        3    ####...
 Tukima's Dance           Hex            #.......     100%        3    ####...
 Ice Form                 Ice/Tmut       #.......     100%        4    #####..
 Blade Hands              Tmut           #.........   100%        5    ######.


Dungeon Overview and Level Annotations

Branches:
Dungeon (12/15)            Temple (1/1) D:6            Lair (0/6) D:8
    Orc (0/2) D:11          Sewer (visited)

Altars:
Ashenzari
Cheibriados
Dithmenos
Elyvilon
Fedhas
Gozag
Hepliaklqana
Kikubaaqudgha
Makhleb
Nemelex Xobeh
Okawaru
Qazlal
Ru
Sif Muna
Trog
Uskayaw
Vehumet
Wu Jian
Xom
Yredelemnul
Zin
The Shining One

Shops:
D:7 =


Innate Abilities, Weirdness & Mutations

You are resistant to damage.
You can heal yourself by infusing magical energy.
You passively map the area around you.
You do not regenerate.
You have a pair of small antennae on your head.
You have supernaturally acute eyesight. (SInv)


Message History

l - 10 chunks of flesh (gained 4)
Things that are here:
a +0 hand axe; an orc skeleton
Things that are here:
a +0 hand axe; an orc skeleton
Found an escape hatch in the ceiling.
There is an open door here.
g - 38 poisoned darts (gained 1)
g - 39 poisoned darts (gained 1)
g - 40 poisoned darts (gained 1)
There is an open door here.
There is an open door here.
A cyclops opens the door.
A demon appears!
The cyclops shouts!
Your hellwing swoops through the air toward the cyclops!
Your hellwing hits the cyclops but does no damage.
Your hellwing hits the cyclops.
The cyclops throws a large rock.
The large rock hits you!!
You die...

.,####..........#
, ,,
#..'.........<#
..##..........# ,
, ,# #..........#
, , #..........#
* * #..........#
* * ###'########
* * #....# *
####@#####
#.......# ,,,
#.......# ,*
#.C.......# * , ,
#.4#.......# ,,,
...#..PP....# ,
*####..P♣....# ,,
##.,.....# *, ,
,,* #.,.....#


You could see a cyclops and a friendly hellwing (summoned).

Vanquished Creatures
  Harold (D:8)
  Erolcha (D:11)
  Erica (D:8)
  3 two-headed ogres
  An unseen horror (D:11)
  Pikel (D:8)
  A gargoyle (D:11)
  A hornet (D:12)
  Grinder (D:3)
  3 hippogriffs
  A wraith (D:10)
  5 yaks (D:11)
  A hungry ghost (D:8)
  A steam dragon (D:10)
  Menkaure (D:4)
  4 ice beasts
  6 orc warriors
  A sky beast (D:9)
  A black bear (D:6)
  4 necrophages
  2 ogres
  4 centaurs
  A crocodile (D:11)
  10 big kobolds
  4 bullfrogs
  A scorpion (D:7)
  4 killer bees (D:8)
  3 wights
  3 howler monkeys
  3 crimson imps
  2 bullfrog zombies
  4 hounds
  A quasit (D:8)
  2 centaur zombies
  2 jellies
  9 orc priests
  A centaur skeleton (D:8)
  A gnoll shaman (D:8)
  15 orc wizards
  4 bullfrog skeletons
  2 iguanas
  6 worker ants
  A killer bee zombie (D:9)
  2 hound skeletons
  5 gnolls
  13 adders
  A river rat (Sewer)
  2 shadow imps
  8 oozes
  An adder zombie (D:6)
  3 worms
  4 dart slugs
  8 leopard geckos
  52 orcs
  5 ball pythons
  6 giant cockroaches
  10 hobgoblins
  16 jackals
  A quokka (D:2)
  8 bats
  6 frilled lizards
  9 goblins
  A jackal skeleton (D:4)
  23 kobolds
  2 quokka skeletons
  12 rats
322 creatures vanquished.

Vanquished Creatures (collateral kills)
  A centaur skeleton (D:11)
1 creature vanquished.

Vanquished Creatures (others)
  A slave (D:8)
  A bullfrog (D:10)
  A crimson imp (D:8)
  3 orc wizards (D:8)
  A howler monkey skeleton (D:8)
  3 orcs (D:8)
10 creatures vanquished.

Grand Total: 333 creatures vanquished

Notes
Turn   | Place    | Note
-------+----------+-------------------------------------------
     0 | D:1      | Ijustatesigmund the Deep Dwarf Fighter began the quest for
                  | the Orb.
     0 | D:1      | Reached XP level 1. HP: 20/20 MP: 1/1
   123 | D:1      | Reached XP level 2. HP: 22/28 MP: 2/2
   283 | D:1      | Reached skill level 3 in Axes
   410 | D:1      | Reached XP level 3. HP: 22/34 MP: 3/3
   878 | D:2      | Reached XP level 4. HP: 40/44 MP: 4/4
  1081 | D:3      | Reached skill level 4 in Axes
  1187 | D:3      | Reached XP level 5. HP: 23/50 MP: 5/5
  1344 | D:3      | Noticed Grinder
  1352 | D:3      | Paralysed by Grinder for 7 turns
  1367 | D:3      | Paralysed by Grinder for 5 turns
  1368 | D:3      | Killed Grinder
  1368 | D:3      | Reached skill level 5 in Fighting
  1368 | D:3      | Reached skill level 5 in Axes
  1368 | D:3      | Reached XP level 6. HP: 46/61 MP: 6/6
  1843 | D:3      | Noticed a hungry ghost
  1876 | D:4      | Reached skill level 1 in Dodging
  1982 | D:4      | Noticed Menkaure
  1994 | D:4      | Killed Menkaure
  1994 | D:4      | Reached skill level 6 in Axes
  1994 | D:4      | Reached XP level 7. HP: 30/67 MP: 7/7
  2380 | D:4      | Found a glowing drain.
  2385 | Sewer    | Entered a sewer
  2818 | Sewer    | Reached skill level 7 in Axes
  2818 | Sewer    | Reached XP level 8. HP: 63/76 MP: 7/7
  3513 | D:5      | Entered Level 5 of the Dungeon
  3584 | D:5      | Reached skill level 5 in Dodging
  3705 | D:5      | Found a shimmering altar of Xom.
  4205 | D:5      | Reached skill level 8 in Axes
  4642 | D:6      | Noticed a two-headed ogre
  4681 | D:6      | Killed a two-headed ogre
  4681 | D:6      | Gained mutation: You passively map the area around you.
                  | [Deep Dwarf growth]
  4681 | D:6      | Reached XP level 9. HP: 21/87 MP: 8/8
  4718 | D:6      | Found a radiant altar of Vehumet.
  4774 | D:6      | Reached skill level 9 in Axes
  4794 | D:6      | Got a faintly glowing long sword
  4795 | D:6      | Identified the cursed +1 long sword of Freehold {holy,
                  | Int+4} (You found it on level 6 of the Dungeon)
  5045 | D:6      | Found a staircase to the Ecumenical Temple.
  5053 | Temple   | Entered the Ecumenical Temple
  5117 | Temple   | Became a worshipper of Makhleb the Destroyer
  5147 | D:6      | Reached skill level 1 in Invocations
  5147 | D:6      | Reached skill level 1 in Evocations
  5554 | D:7      | Found Tarphaez's Jewellery Boutique.
  5577 | D:7      | Bought an uncursed ring of see invisible for 165 gold
                  | pieces
  5713 | D:7      | Got a faintly glowing chain mail
  5719 | D:7      | Identified the +5 chain mail of the Peculiar Violins
                  | {Str+2} (You found it on level 7 of the Dungeon)
  5768 | D:7      | Reached skill level 5 in Armour
  5908 | D:7      | Noticed a two-headed ogre
  5928 | D:7      | Killed a two-headed ogre
  5928 | D:7      | Reached XP level 10. HP: 31/96 MP: 7/7
  6078 | D:8      | Reached skill level 5 in Evocations
  6125 | D:8      | Reached skill level 5 in Invocations
  6903 | D:8      | Noticed Pikel
  6947 | D:8      | Killed Pikel
  7030 | D:8      | Reached * piety under Makhleb
  7149 | D:8      | Noticed Erica
  7163 | D:8      | Killed Erica
  7203 | D:8      | Found a staircase to the Lair.
  7252 | D:8      | Noticed a two-headed ogre
  7272 | D:8      | Killed a two-headed ogre
  7272 | D:8      | Reached skill level 10 in Axes
  7533 | D:8      | Gained mutation: You have a pair of small antennae on your
                  | head. [potion of mutation]
  7533 | D:8      | Gained mutation: You have supernaturally acute eyesight.
                  | (SInv) [potion of mutation]
  7643 | D:8      | Noticed Harold
  7662 | D:8      | Killed Harold
  8223 | D:9      | Reached XP level 11. HP: 68/106 MP: 11/11
  8564 | D:9      | Reached ** piety under Makhleb
  8736 | D:10     | Entered Level 10 of the Dungeon
  8832 | D:10     | Noticed Sonja
  9103 | D:10     | Noticed a deep elf mage
  9104 | D:10     | Found the ring of Shadows {Umbra +Inv Stlth+}
  9430 | D:10     | Noticed Sonja
  9430 | D:10     | Sonja changed into Sonja the big kobold
  9433 | D:10     | Killed Sonja the big kobold
  9792 | D:11     | Noticed Erolcha
  9809 | D:11     | Killed Erolcha
  9887 | D:11     | Reached skill level 11 in Axes
  9924 | D:11     | Noticed an unseen horror
  9933 | D:11     | Killed an unseen horror
 10024 | D:11     | Reached *** piety under Makhleb
 10353 | D:11     | Found a staircase to the Orcish Mines.
 10850 | D:12     | Reached skill level 10 in Invocations
 10985 | D:12     | Hit by a large rock thrown by a cyclops

Illustrated notes

Levels and vault maps discovered:
D:1:      dpeg_arrival_oval, layout_rooms
D:2:      layout_rooms, grunt_ministairs_8
D:3:      layout_basic, minmay_vboxes, uniq_grinder
D:4:      layout_loops_cross, portal_sewer_entry_e, minmay_misc_feat_columns,
          hex_large, uniq_menkaure
D:5:      layout_basic, serial_glass, glass_columns_a, glass_columns_a,
          first_ration, basic_altar
D:6:      layout_basic, lemuel_coloured_pillars_altar,
          minmay_temple_entry_glassed_door, grunt_ministairs_12,
          nicolae_benzene_ring, moated_statue
D:7:      layout_rooms, serial_shops, shop, serial_co_window_serial,
          co_window_paths_a, co_window_paths_b, co_window_corner_a,
          co_window_corner_a, co_window_paths_a, co_window_cross_1,
          co_window_paths_a, co_window_broadway_c, co_window_unsneaky_path_a,
          co_window_unsneaky_path_a, co_window_broadway_c, co_window_paths_e,
          glass_columns_c
D:8:      layout_basic, lair_entry_dummy, uniq_pikel, uniq_erica, uniq_harold
D:9:      layout_roguey, grunt_ogre_cave
D:10:     layout_irregular_city, minmay_misc_feat_diagonals,
          lightli_corner_chamber, uniq_sonja
D:11:     layout_basic, david_orc_2, uniq_erolcha
D:12:     layout_roguey, glass_columns_b, serial_park_tiny_1, nrook_uturn
Temple:   dpeg_three_leaves_temple

Skill      XL: |  1  2  3  4  5  6  7  8  9 10 11 |
---------------+----------------------------------+-----
Fighting       | 3 4 5 6 7 9 |  9.8
Axes           | 3 4 5 6 7 8 9 10 11 | 11.3
Dodging        | 2 3 6 |  6.7
Invocations    | 4 8 10 | 10.0
Evocations     | 4 5 |  5.1
Armour         | 5 7 |  7.1
Shields        | |  3.7

Action                   |  1- 3 |  4- 6 |  7- 9 | 10-12 || total
-------------------------+-------+-------+-------+-------++-------
Melee: War axe           |   137 |   144 |   477 |   606 ||  1364
       Flail             |       |       |    18 |    13 ||    31
Throw: Dart              |       |     5 |    56 |    68 ||   129
Invok: Minor Destruction |       |       |       |     2 ||     2
       Lesser Servant of |       |       |       |     2 ||     2
 Abil: Heal Wounds       |       |       |    10 |     7 ||    17
Evoke: Wand              |       |       |       |     7 ||     7
  Use: Scroll            |     4 |     5 |     8 |    12 ||    29
       Potion            |     1 |     5 |     7 |     7 ||    20
  Eat: Chunk             |       |     4 |    11 |     6 ||    21
       Ration            |       |       |     1 |     5 ||     6
Armor: Scale mail        |    20 |       |       |       ||    20
       Plate armour      |    85 |   102 |   209 |       ||   396
       Chain mail        |       |       |     2 |   289 ||   291
       Skin              |       |       |       |     6 ||     6
Dodge: Dodged            |    25 |    18 |   102 |   186 ||   331
Block: Kite shield       |    66 |    71 |   163 |   317 ||   617
       Buckler           |       |       |    11 |       ||    11
